 Dungeon Crawl Stone Soup version 0.28.0-43-g3370ac3207 (webtiles) character file.

Game seed: 18248618580397803958

78 bromine the Chopper (level 4, -7/61 HPs)
             Began as a Minotaur Berserker on Mar 3, 2022.
             Was a Follower of Trog.
             Killed by nerve-wracking pain
             ... invoked by an orc priest
              (10 damage)
             ... on level 2 of the Dungeon.
             The game lasted 00:03:49 (2768 turns).

bromine the Chopper (Minotaur Berserker)            Turns: 2768, Time: 00:03:49

Health: -7/61      AC:  2    Str: 22    XL:     4   Next: 15%
Magic:  12/12      EV: 12    Int:  4    God:    Trog [*.....]
Gold:   33         SH:  0    Dex: 11    Spells: 3/3 levels left

rFire   . . .      SeeInvis .   a - +0 hand axe
rCold   . . .      Faith    .   (no shield)
rNeg    . . .      Spirit   .   b - +0 animal skin
rPois   .          Reflect  .   (helmet restricted)
rElec   .          Harm     .   (no cloak)
rCorr   .          Rampage  .   (no gloves)
Will    .....                   (no boots)
Stlth   ..........              (no amulet)
HPRegen 0.20/turn               d - ring of magical power
MPRegen 0.13/turn               (no ring)

@: berserking, very quick
A: horns 2, retaliatory headbutt
a: Renounce Religion, Berserk


You were on level 2 of the Dungeon.
You worshipped Trog.
Trog was aware of your devotion.
You visited 1 branch of the dungeon, and saw 2 of its levels.

You collected 33 gold pieces.

Inventory:

Hand Weapons
 a - a +0 hand axe (weapon)
Missiles
 g - a throwing net (quivered)
Armour
 b - a +0 animal skin (worn)
Jewellery
 d - a ring of magical power (left hand)
Scrolls
 c - a scroll of identify
 e - 2 scrolls of amnesia
 h - 2 scrolls of fog {unknown}
 i - a scroll of blinking {unknown}
Potions
 f - a potion of flight
 j - a potion of mutation {unknown}


   Skills:
 + Level 4.3 Fighting
 + Level 5.2 Axes
 + Level 2.7 Armour
 + Level 2.5 Dodging


You had 3 spell levels left.
You didn't know any spells.
Your spell library was empty.

Dungeon Overview and Level Annotations

Branches:
Dungeon (2/15)

Altars:


Innate Abilities, Weirdness & Mutations

You have a pair of horns on your head.
You reflexively headbutt those who attack you in melee.


Message History

You kill the orc!
Trog accepts your kill.
An orc priest comes into view. It is wielding a +0 mace.
You slash the orc!
You kill the orc!
Trog accepts your kill.
The orc priest mumbles some strange prayers to Beogh against you.
Beogh smites you!
You hear a shout!
Items here: ! )) [ †.
You hit the orc priest. You headbutt the orc priest!
The orc priest is almost dead.
The orc priest calls down the wrath of Beogh upon you.
Pain shoots through your body!
* * * LOW HITPOINT WARNING * * *
The orc priest misses you.
You hit the orc priest but do no damage.
You headbutt the orc priest.
You kill the orc priest!
Trog accepts your kill.
Your Axes skill increases to level 5!
You have reached level 4!
You feel stronger.
A red film seems to cover your vision as you go berserk!
You feel yourself moving faster!
You feel mighty!
An orc comes into view.
It is wielding a +1 hand axe of electrocution.
The orc priest closely misses you.
You feel a strong urge to attack something.
The orc priest hits you with a +0 mace.
* * * LOW HITPOINT WARNING * * *
Things that are here:
a +0 mace; an orc corpse You hit the orc priest but do no damage.
Your headbutt misses the orc priest. You slash the orc priest!
Your headbutt misses the orc priest.
The orc priest is heavily wounded.
You slash the orc!
The orc priest calls down the wrath of Beogh upon you.
Pain shoots through your body!
You die...

##.......##
##.## ##.....##
#. ##...## #
##'## #.# #.#
##.## ##)..##
#o@...#
#....o).......#
...#.###.###...#
. ... ### ####
###


You could see an orc priest and an orc.

Vanquished Creatures
  An orc priest (D:2)
  An adder (D:2)
  A worm (D:2)
  A dart slug (D:1)
  2 orcs (D:2)
  4 bats
  5 endoplasms
  2 giant cockroaches
  4 goblins
  2 hobgoblins (D:1)
  A kobold (D:1)
  3 quokkas
  2 ball pythons (D:1)
  A rat (D:1)
30 creatures vanquished.

Vanquished Creatures (others)
  4 fungi (D:2)
  7 plants (D:2)
11 creatures vanquished.

Grand Total: 41 creatures vanquished

Notes
Turn   | Place    | Note
-------+----------+-------------------------------------------
     0 | D:1      | bromine the Minotaur Berserker began the quest for the Orb.
     0 | D:1      | Reached XP level 1. HP: 19/19 MP: 0/0
   382 | D:1      | Reached XP level 2. HP: 27/27 MP: 1/1
   748 | D:1      | Reached skill level 4 in Axes
  1382 | D:2      | Found a faded altar of an unknown god.
  1663 | D:2      | Reached XP level 3. HP: 33/33 MP: 2/2
  2765 | D:2      | Reached skill level 5 in Axes
  2765 | D:2      | Reached XP level 4. HP: 4/41 MP: 3/3
  2766 | D:2      | HP: 3/61 [orc priest/+0 mace (4)]
  2768 | D:2      | Killed from afar by an orc priest

Illustrated notes

Levels and vault maps discovered:
D:1:      sevenhm_arrival_forest_fort_small_5, layout_basic
D:2:      layout_loops_corners, dreamdust_ecumenical_altar_hidden_monk_grotto

Skill      XL: |  1  2  3 |
---------------+----------+-----
Fighting       | 4 |  4.3
Axes           | 4 5 |  5.2
Armour         | |  2.7
Dodging        | |  2.5

Action                   |  1- 3 |  4- 6 || total
-------------------------+-------+-------++-------
Melee: Hand axe          |    57 |     2 ||    59
       Headbutt          |    10 |       ||    10
Invok: Berserk           |       |     1 ||     1
  Use: Scroll            |     2 |       ||     2
 Stab: Sleeping          |     1 |       ||     1
Armor: Animal skin       |     6 |       ||     6
Dodge: Dodged            |    39 |     1 ||    40
